 Dungeon Crawl Stone Soup version 0.28.0-53-g5a82cb258f (webtiles) character file.

Game seed: 4404771882026318237

844 quokkamancerX the Cleaver (level 8, -3/102 HPs)
             Began as a Hill Orc Fighter on June 2, 2022.
             Succumbed to a water moccasin's poison
             ... on level 5 of the Dungeon.
             The game lasted 00:15:15 (5571 turns).

quokkamancerX the Cleaver (Hill Orc Fighter)        Turns: 5571, Time: 00:15:15

Health: -3/102     AC: 24    Str: 21    XL:     8   Next: 0%
Magic:  8/8        EV:  2    Int:  8    God:
Gold:   15         SH:  4    Dex: 10    Spells: 7/7 levels left

rFire   + . .      SeeInvis .   a - +0 war axe
rCold   . . .      Faith    .   c - +0 buckler
rNeg    . . .      Spirit   .   (armour currently unavailable)
rPois   +          Reflect  .   (helmet currently unavailable)
rElec   .          Harm     .   (cloak currently unavailable)
rCorr   .          Rampage  .   (gloves currently unavailable)
Will    .....      NoTele   +   (boots currently unavailable)
Stlth   +.........              (no amulet)
HPRegen 0.27/turn               j - ring of protection from fire
MPRegen 0.11/turn               (no ring)

@: lethally poisoned (-3 -> -25), tree-form
A: stationary, stasis, torment immunity, boosted hp
a: no special abilities


You were on level 5 of the Dungeon.
You were a tree.
You visited 1 branch of the dungeon, and saw 5 of its levels.

You collected 177 gold pieces.
You spent 162 gold pieces at shops.

Inventory:

Hand Weapons
 a - a +0 war axe (weapon)
Missiles
 q - 4 poisoned darts (quivered)
 x - 4 curare-tipped darts
Armour
 c - a +0 buckler (worn)
 o - a +2 hat (melded)
 r - a +0 chain mail (melded)
Jewellery
 j - a ring of protection from fire (left branch)
 l - a ring of fire
Wands
 v - a wand of iceblast (1)
Scrolls
 b - a scroll of acquirement {unknown}
 f - a scroll of silence
 g - a scroll of summoning {unknown}
 k - a scroll of fear
 n - a scroll of vulnerability
 p - a scroll of magic mapping {unknown}
 s - 3 scrolls of teleportation
 t - a scroll of noise {unknown}
 u - a scroll of blinking {unknown}
 y - a scroll of amnesia {unknown}
Potions
 d - 3 potions of might
 e - a potion of lignification
 h - 2 potions of brilliance
 i - a potion of curing {unknown}
 m - 2 potions of magic
 w - a potion of cancellation {unknown}
 z - a potion of haste {unknown}


   Skills:
 + Level 5.3 Fighting
 + Level 10.8 Axes
 - Level 3.2 Armour
 - Level 3.2 Shields


You had 7 spell levels left.
You didn't know any spells.
Your spell library contained the following spells:

 Spells                   Type           Power      Damage    Failure   Level
 Animate Skeleton         Necr           0%         N/A       50%         1
 Pain                     Necr           0%         1d4       50%         1
 Sting                    Tmut/Pois      0%         1d3       50%         1
 Poisonous Vapours        Pois/Air       0%         N/A       65%         2
 Vampiric Draining        Necr           0%         2d6       86%         3
 Olgreb's Toxic Radiance  Pois           0%         N/A       99%         4


Dungeon Overview and Level Annotations

Branches:
Dungeon (5/15)
 Temple: D:4-7

Altars:

Shops:
D:1 *   D:2 !(::=


Message History

You are more poisoned.
The water moccasin poisons you! The water moccasin bites you.
You are more poisoned.
The water moccasin poisons you!
You hit the water moccasin but do no damage.
The water moccasin is heavily wounded.
You feel extremely sick.
The water moccasin bites you but does no damage.
You closely miss the water moccasin.
The water moccasin is heavily wounded.
You feel very sick. The water moccasin barely misses you.
You slash the water moccasin!
The water moccasin is almost dead.
You feel very sick. You block the water moccasin's attack.
The water moccasin bites you but does no damage.
You barely miss the water moccasin.
The water moccasin is almost dead.
You feel very sick. You block the water moccasin's attack.
You closely miss the water moccasin.
The water moccasin is almost dead.
You feel very sick. The water moccasin bites you!
* * * LOW HITPOINT WARNING * * *
The water moccasin bites you.
* * * LOW HITPOINT WARNING * * *
You are more poisoned.
The water moccasin poisons you!
It was a potion of lignification.
You turn into a tree.
Your +2 hat melds into your body.
Your +0 chain mail melds into your body.
Your roots penetrate the ground.
* * * LOW HITPOINT WARNING * * *
You feel extremely sick. You block the water moccasin's attack.
You slash the water moccasin!
You kill the water moccasin!
You die...

...................##....
..............[##..##....
.........#.........###.#.
..............###...##.#.
.......................#.
.....................##
##.........##.........
#...†)...............
##...♣.....#.......##.
#.........###....#####
#....###.## #.....####
###### #.# #...##..# ###
#......## #....### ##.###
###


There were no monsters in sight!

Vanquished Creatures
  Pikel (D:4)
  A water moccasin (D:5)
  An ogre (D:4)
  A lemure (D:3)
  A wyvern skeleton (D:5)
  A bullfrog zombie (D:5)
  A jelly (D:4)
  2 hounds
  Robin (D:3)
  3 adders
  A shadow imp (D:5)
  6 orcs
  6 ball pythons
  3 bats
  5 endoplasms
  5 giant cockroaches
  7 hobgoblins
  10 jackals
  A quokka (D:2)
  A frilled lizard (D:3)
  15 goblins
  6 kobolds
  3 rats
82 creatures vanquished.

Vanquished Creatures (others)
  A giant cockroach (D:4)
  A plant (D:2)
2 creatures vanquished.

Grand Total: 84 creatures vanquished

Notes
Turn   | Place    | Note
-------+----------+-------------------------------------------
     0 | D:1      | quokkamancerX the Hill Orc Fighter began the quest for the
                  | Orb.
     0 | D:1      | Reached XP level 1. HP: 19/19 MP: 1/1
    55 | D:1      | Reached skill level 3 in Axes
   210 | D:1      | Found Genn's Assorted Antiques.
   214 | D:1      | Reached XP level 2. HP: 26/26 MP: 2/2
   521 | D:1      | Reached skill level 4 in Axes
  1051 | D:2      | Found Xaijec's Book Shoppe.
  1062 | D:2      | Found Serinna's Book Shoppe.
  1263 | D:2      | Found Xaascha's Weapon Shoppe.
  1286 | D:2      | Reached XP level 3. HP: 25/31 MP: 3/3
  1607 | D:2      | Reached skill level 5 in Axes
  1673 | D:2      | Found Cougune Xuik's Jewellery Emporium.
  2168 | D:2      | Found Ofomiw's Distillery.
  2297 | D:3      | Reached XP level 4. HP: 33/39 MP: 4/4
  3072 | D:4      | Reached skill level 6 in Axes
  3231 | D:4      | Reached XP level 5. HP: 44/45 MP: 5/5
  3338 | D:4      | Noticed an ogre
  3352 | D:4      | Killed an ogre
  3353 | D:4      | Reached skill level 7 in Axes
  3508 | D:4      | Noticed a lemure
  3508 | D:4      | Noticed a lemure
  3508 | D:4      | Noticed a lemure
  3555 | D:4      | Noticed Robin
  3633 | D:4      | Noticed Pikel
  3633 | D:4      | Noticed a lemure
  3792 | D:4      | Reached skill level 8 in Axes
  3796 | D:4      | Reached XP level 6. HP: 50/51 MP: 6/6
  3803 | D:3      | Killed Robin
  4557 | D:1      | Bought 3 scrolls labelled KAETAM BUEPE for 84 gold pieces
  4557 | D:1      | Bought a scroll labelled REYNWI KAERE for 28 gold pieces
  4634 | D:4      | Killed Pikel
  4635 | D:4      | Reached skill level 10 in Axes
  4635 | D:4      | Reached XP level 7. HP: 21/60 MP: 7/7
  5023 | D:5      | Entered Level 5 of the Dungeon
  5152 | D:5      | Reached skill level 5 in Fighting
  5384 | D:1      | Bought a red potion for 25 gold pieces
  5384 | D:1      | Bought a yellow potion for 25 gold pieces
  5564 | D:5      | Reached XP level 8. HP: 42/68 MP: 8/8
  5570 | D:5      | HP: 2/102 [poisoned by a water moccasin]
  5571 | D:5      | Succumbed to a water moccasin's poison

Illustrated notes

Levels and vault maps discovered:
D:1:      tarquinn_simple_flora_water_c, layout_loops_ring, serial_shops,
          nicolae_shop_hallway_stairs, minmay_door_square,
          chequers_hall_statues_y
D:2:      layout_loops_cross, serial_shops, shop, shop, shop_fountains,
          shop_statue, shop, grunt_ministairs_14, serial_bayou_pond_a,
          minmay_tromino_mix6
D:3:      layout_basic
D:4:      layout_cave_pods, uniq_robin, uniq_pikel
D:5:      layout_cave_pools, lemuel_crystal_altar, temple_green

Skill      XL: |  1  2  3  4  5  6  7 |
---------------+----------------------+-----
Axes           | 3 4 5 6 8 10 | 10.8
Fighting       | 4 5 |  5.3
Armour         | |  3.2
Shields        | |  3.2

Action                   |  1- 3 |  4- 6 |  7- 9 || total
-------------------------+-------+-------+-------++-------
Melee: War axe           |   132 |    97 |    25 ||   254
Throw: Dart              |       |     5 |       ||     5
  Use: Scroll            |       |       |     6 ||     6
       Potion            |       |       |     1 ||     1
Armor: Scale mail        |    60 |     6 |       ||    66
       Chain mail        |       |    55 |    11 ||    66
Dodge: Dodged            |    65 |    33 |     5 ||   103
Block: Buckler           |    26 |    20 |    11 ||    57
